 Dungeon Crawl Stone Soup version 0.29-a0-1009-g60c99734e7 (webtiles) character file.

Game seed: 14917547429263695904

67 nickcage the Conjurer (level 4, -5/24 HPs)
             Began as a Tengu Conjurer on Aug 8, 2022.
             Killed from afar by Ijyb (13 damage)
             ... with a bolt of light
             ... on level 3 of the Dungeon.
             The game lasted 00:06:48 (3300 turns).

nickcage the Conjurer (Tengu Conjurer)              Turns: 3300, Time: 00:06:49

Health: -5/24      AC:  3    Str:  8    XL:     4   Next: 16%
Magic:  0/8        EV: 12    Int: 20    God:
Gold:   151        SH:  0    Dex: 12    Spells: 4/7 levels left

rFire   . . .      SeeInvis .   d - +0 short sword (speed)
rCold   + . .      Faith    .   (no shield)
rNeg    . . .      Spirit   .   a - +1 robe
rPois   .          Reflect  .   (helmet restricted)
rElec   .          Harm     .   (no cloak)
rCorr   .          Rampage  .   (no gloves)
Will    .....                   (boots unavailable)
Stlth   +.........              (no amulet)
HPRegen 0.08/turn               q - ring of protection from cold
MPRegen 0.11/turn               (no ring)

@: confused
A: beak, talons 3
a: no special abilities


You were on level 3 of the Dungeon.
You visited 1 branch of the dungeon, and saw 3 of its levels.

You collected 151 gold pieces.

Inventory:

Hand Weapons
 d - a +0 short sword of speed (weapon)
 e - a +0 dagger
Armour
 a - a +1 robe (worn)
 l - a +0 buckler
Jewellery
 q - a ring of protection from cold (left hand)
Scrolls
 f - 2 scrolls of identify
 j - a scroll of silence
 m - 2 scrolls of noise {unknown}
 n - 2 scrolls of immolation {unknown}
 p - a scroll of fear {unknown}
Potions
 b - a potion of magic
 c - a potion of haste
 g - a potion of attraction
 h - 2 potions of might
 i - a potion of degeneration {unknown}
 k - 3 potions of lignification
 o - a potion of resistance {unknown}
 r - a potion of cancellation {unknown}


   Skills:
 - Level 2.1 Dodging
 - Level 2.0 Stealth
 + Level 2.4 Spellcasting
 + Level 7.0 Conjurations


You had 4 spell levels left.
You knew the following spells:

 Your Spells              Type           Power      Damage    Failure   Level
a - Magic Dart            Conj           100%       1d8       1%          1
b - Searing Ray           Conj           60%        2d6       1%          2

Your spell library contained the following spells:

 Spells                   Type           Power      Damage    Failure   Level
 Dazzling Flash           Conj/Hex       32%        N/A       11%         3
 Fulminant Prism          Conj/Hex       8%         3d7       34%         4
 Iskenderun's Mystic Bla  Conj/Tloc      16%        2d5       34%         4


Dungeon Overview and Level Annotations

Branches:
Dungeon (3/15)

Altars:
Fedhas

Annotations:
D:3 Ijyb, Pargi


Innate Abilities, Weirdness & Mutations

You have a beak for a mouth.
You have claws for feet.


Message History

There is a stone staircase leading up here.
Ijyb zaps a wand.
The bolt of light hits you!
Ouch! That really hurt!
You start resting.
Ijyb is nearby!
You start resting.
Ijyb is nearby!
You are too injured to fight recklessly!
There are no items here.
Aiming: Searing Ray (safe; 1% risk of failure)
Press: ? - help, Q - select action, (/) - cycle Shift-Dir - straight line, f - Ijyb
Aim: Ijyb, wielding a +0 dagger, wearing a +0 ring mail and carrying a wand of light (11) (77% to hit)
The searing ray hits Ijyb!
Ijyb is moderately wounded. (Press . to maintain the ray.)
The searing ray hits Ijyb.
Ijyb is heavily wounded.
Ijyb hits you with a +0 dagger.
The searing ray hits Ijyb but does no damage.
Ijyb is heavily wounded.
Ijyb barely misses you.
The searing ray hits Ijyb.
Ijyb is heavily wounded.
You finish channelling your searing ray.
Ijyb completely misses you.
You are too injured to fight recklessly!
Aiming: Searing Ray (safe; 1% risk of failure)
Press: ? - help, Q - select action, (/) - cycle Shift-Dir - straight line, f/p - Ijyb
Aim: Ijyb, wielding a +0 dagger, wearing a +0 ring mail and carrying a wand of light (11) (heavily wounded, 77% to hit)
The searing ray hits Ijyb.
Ijyb is almost dead. (Press . to maintain the ray.) Ijyb screams, "Level is mine!
All mine!"
Ijyb hits you with a +0 dagger.
The searing ray hits Ijyb.
Ijyb is almost dead.
Ijyb zaps a wand.
The bolt of light hits you!
You are confused.
Ouch! That really hurt!
You die...

#.....≈.≈._.≈.≈..#......
##.##.≈.≈...≈.§.........
###......≈≈≈≈≈.≈§........
#.....g≈..§....≈..##.#...
#.#.#..≈≈§≈§≈§≈≈..##.#...
####.#.#....§§§.....###.#...
#......#........##### #.####
#.##.###..##g#..## #.....
######.##.......@.#...#
######
.......######..####...#
.#####.# ###(..<.....#
.#####.# #.....####.##
.##....# #.....# #.#
.#...#.# #.....####.####
.#.#.#.####.....#.......#
..........#.....#.##.##.#
####.####.#######.##.##.#


You could see Ijyb.

Vanquished Creatures
  An adder (D:2)
  A worm (D:2)
  3 dart slugs
  6 ball pythons
  8 bats
  6 endoplasms
  5 giant cockroaches
  3 goblins
  3 hobgoblins
  2 quokkas
  A frilled lizard (D:1)
  3 kobolds
  4 rats
46 creatures vanquished.

Notes
Turn   | Place    | Note
-------+----------+-------------------------------------------
     0 | D:1      | nickcage the Tengu Conjurer began the quest for the Orb.
     0 | D:1      | Reached XP level 1. HP: 10/10 MP: 4/4
   276 | D:1      | Reached XP level 2. HP: 15/15 MP: 0/6
   279 | D:1      | Learned a level 2 spell: Searing Ray
   370 | D:1      | Reached skill level 6 in Conjurations
   434 | D:1      | Found a faded altar of an unknown god.
   960 | D:1      | Reached XP level 3. HP: 15/19 MP: 3/7
  2472 | D:3      | Noticed Ijyb
  2475 | D:3      | Noticed Pargi
  2542 | D:3      | Reached XP level 4. HP: 24/24 MP: 4/8
  2579 | D:3      | Reached skill level 7 in Conjurations
  2609 | D:3      | Found a blossoming altar of Fedhas.
  3300 | D:3      | Killed from afar by Ijyb

Illustrated notes

Levels and vault maps discovered:
D:1:      dpeg_arrival_refuge, layout_loops_corners, basic_ecumenical_altar
D:2:      layout_loops_corners, hangedman_abyss_or_decor_stabs,
          small_statue_intersection, columned_hall_lemuel,
          reono_crystal_passage, chequers_big_river
D:3:      layout_loops_cross, mainiacjoe_overflow_concentric_impassable,
          uniq_ijyb, uniq_pargi

Skill      XL: |  1  2  3  4 |
---------------+-------------+-----
Conjurations   | 6 7 |  7.0
Dodging        | |  2.1
Stealth        | |  2.0
Spellcasting   | |  2.4

Action                   |  1- 3 |  4- 6 || total
-------------------------+-------+-------++-------
Melee: Dagger            |     1 |       ||     1
       Peck              |     1 |       ||     1
 Cast: Magic Dart        |    70 |    15 ||    85
       Searing Ray       |     1 |     4 ||     5
  Use: Scroll            |     7 |       ||     7
Armor: Robe              |     2 |       ||     2
Dodge: Dodged            |     4 |     3 ||     7

Table legend: (Time is in decaauts)
 A = Elapsed time spent in this place.
 B = Non-inter-level travel time spent in this place.
 C = Inter-level travel time spent in this place.
 D = Time resting spent in this place.
 E = Time spent auto-exploring this place.
 F = Levels seen in this place.
 G = Mean time per level.
                   A        B        C        D        E       F      G
               +--------+--------+--------+--------+--------+-----+--------+
         Total |   3314 |   3302 |     12 |    203 |   2803 |   3 | 1104.7 |
       Dungeon |   3314 |   3302 |     12 |    203 |   2803 |   3 | 1104.7 |
               +--------+--------+--------+--------+--------+-----+--------+

Top non-repeatable levels by time:
     D:2: 1428 daAuts
     D:1: 1211 daAuts
     D:3: 675 daAuts
